 Dungeon Crawl Stone Soup version 0.20.1-1-g8b1a95d (webtiles) character file.

2300 KoningWillie the Spear-Bearer (level 9, -2/75 HPs)
             Began as a Minotaur Fighter on Oct 7, 2017.
             Was a Believer of Kikubaaqudgha.
             Slain by a wolf (7 damage)
             ... led by Grum
             ... on level 8 of the Dungeon on Oct 9, 2017.
             The game lasted 00:15:26 (7425 turns).

KoningWillie the Spear-Bearer (Minotaur Fighter)    Turns: 7425, Time: 00:15:26

Health: -2/75      AC: 10    Str: 27    XL:     9   Next: 17%
Magic:  11/12      EV:  9    Int:  5    God:    Kikubaaqudgha [**....]
Gold:   302        SH:  0    Dex: 10    Spells: 6/13 levels left

rFire    . . .     SeeInvis .   h - +0 halberd
rCold    . . .     Gourm    .   (shield currently unavailable)
rNeg     . . .     Faith    .   s - +0 chain mail
rPois    .         Spirit   .   (helmet restricted)
rElec    .         Reflect  .   (no cloak)
rCorr    .         Harm     .   (no gloves)
MR       .....                  (no boots)
Stlth    ..........             (no amulet)
Regen    0.3/turn               p - +3 ring of strength
MPRegen  0.2/turn               (no ring)

@: no status effects
A: retaliatory headbutt, horns 2
a: Receive Corpses, Renounce Religion


You were on level 8 of the Dungeon.
You worshipped Kikubaaqudgha.
Kikubaaqudgha was pleased with you.
You were not hungry.

You visited 1 branch of the dungeon, and saw 8 of its levels.

You collected 302 gold pieces.

Inventory:

Hand Weapons
 a - a +0 war axe
 h - a +0 halberd (weapon)
Armour
 b - a +0 scale mail
 s - a +0 chain mail (worn)
Jewellery
 p - a +3 ring of strength (left hand)
 z - a cursed ring of loudness {unknown}
Wands
 o - a wand of random effects (32/48)
 q - a wand of acid (9/15)
 u - a wand of confusion (6/48)
Scrolls
 c - a scroll of recharging
 j - 2 scrolls of amnesia
 l - 3 scrolls of remove curse
 t - 2 scrolls of identify
Potions
 d - 2 potions of might
 e - a potion of invisibility
 g - 2 potions of haste
 i - 2 potions of degeneration
 v - a potion of berserk rage
 w - a potion of lignification
 x - a potion of curing
 A - 3 potions of brilliance {unknown}
Books
 n - Kikubaaqudgha's Guide on Necromancy
   (Kikubaaqudgha gifted it to you on level 3 of the Dungeon)

   Spells                             Type                      Level
   a - Animate Skeleton               Necromancy                   1
   b - Corpse Rot                     Necromancy                   2
   c - Sublimation of Blood           Necromancy                   2
   d - Vampiric Draining              Necromancy                   3
   e - Control Undead                 Necromancy                   4
Comestibles
 f - a bread ration
 k - 3 royal jellies
 r - 8 fruits


   Skills:
 * Level 6.2 Fighting
 - Level 4.1(6.8) Axes
 * Level 8.4(8.8) Polearms
 + Level 7.3 Armour
 - Level 2.0 Dodging
 - Level 0.6 Stealth
   Level 5.0 Shields
 * Level 2.7 Spellcasting
 * Level 2.3 Necromancy


You had 6 spell levels left.
You knew the following spells:

 Your Spells              Type           Power        Failure   Level  Hunger
a - Animate Skeleton      Necr           N/A          61%         1    ##.....
b - Corpse Rot            Necr           N/A          75%         2    ###....
c - Control Undead        Necr           #.........   100%        4    #####..


Dungeon Overview and Level Annotations

Branches:
Dungeon (8/15)             Temple (0/1) D:4
   Lair: D:8-11

Altars:
Ashenzari
Cheibriados
Elyvilon
Fedhas
Kikubaaqudgha
Okawaru

Annotations:
D:5 JaMaZz's ghost, novice CeWr


Innate Abilities, Weirdness & Mutations

You reflexively headbutt those who attack you in melee.
You have a pair of horns on your head.


Message History

You barely miss the wolf. You headbutt the wolf.
The wolf is severely wounded.
The wolf bites you but does no damage. The wolf bites you.
* * * LOW HITPOINT WARNING * * *
You closely miss the wolf.
The wolf is severely wounded.
The wolf bites you!
* * * LOW HITPOINT WARNING * * *
The wolf barely misses you.
You hit the wolf.
The wolf is almost dead.
The wolf closely misses you. You furiously retaliate!
You headbutt the wolf!
You kill the wolf!
Kikubaaqudgha accepts your kill.
Okay, then.
You feel better. The wolf bites you.
* * * LOW HITPOINT WARNING * * *
The wolf bites you!
You die...
Kikubaaqudgha rasps: "You have failed me!
Welcome... death!"

#.# ##. #.# ##...
#.# ... ##.####
#.#####.#
.......##.......###
#.<..........#
#.....#####......#
...#####......#####
. #..####@# . #h#
#)# .#
#.#######..##
#.<..........
####.........
#.^..........
#............
#.h...........


You could see a wolf.

Vanquished Creatures
  Grum (D:8)
  A hungry ghost (D:7)
  The ghost of Phantomfrettchen the Insei, an amateur OpTm (D:3)
  Duvessa (D:6)
  A black bear (D:7)
  2 ice beasts
  An ogre (D:4)
  2 phantoms
  2 wolves (D:8)
  3 bullfrogs (D:7)
  Dowan (D:6)
  A scorpion (D:7)
  3 crimson imps
  A bullfrog zombie (D:7)
  A bullfrog skeleton (D:8)
  3 hounds
  4 orc wizards (D:7)
  An iguana (D:7)
  Jessica (D:2)
  Terence (D:2)
  4 worker ants
  Robin (D:2)
  4 gnolls (D:3)
  3 howler monkey skeletons
  7 adders
  An ooze (D:4)
  2 adder skeletons
  3 worms
  A dart slug (D:1)
  22 orcs
  6 bats
  8 giant cockroaches
  13 goblins
  11 hobgoblins
  4 jackals (D:2)
  11 kobolds
  3 quokkas
  5 frilled lizards
  A leopard gecko skeleton (D:6)
  4 rats
146 creatures vanquished.

Vanquished Creatures (others)
  An orc wizard (D:7)
1 creature vanquished.

Grand Total: 147 creatures vanquished

Notes
Turn   | Place    | Note
-------+----------+-------------------------------------------
     0 | D:1      | KoningWillie the Minotaur Fighter began the quest for the Orb.
     0 | D:1      | Reached XP level 1. HP: 19/19 MP: 0/0
   322 | D:1      | Reached XP level 2. HP: 26/26 MP: 1/1
   499 | D:1      | Reached XP level 3. HP: 31/31 MP: 2/2
  1196 | D:2      | Noticed Robin
  1216 | D:2      | Killed Robin
  1442 | D:2      | Found an ancient bone altar of Kikubaaqudgha.
  1516 | D:2      | Became a worshipper of Kikubaaqudgha
  1550 | D:2      | Reached XP level 4. HP: 40/40 MP: 3/3
  1556 | D:2      | Noticed Jessica
  1570 | D:2      | Found a white marble altar of Elyvilon.
  1574 | D:2      | Killed Jessica
  1574 | D:2      | Reached skill level 5 in Armour
  1750 | D:2      | Noticed Terence
  1762 | D:2      | Killed Terence
  1931 | D:2      | Reached skill level 5 in Shields
  1945 | D:2      | Reached XP level 5. HP: 43/46 MP: 4/4
  3025 | D:3      | Reached skill level 1 in Polearms
  3034 | D:3      | Reached * piety under Kikubaaqudgha
  3034 | D:3      | Identified Kikubaaqudgha's Guide on Necromancy (Kikubaaqudgha gifted it to you on level 3 of the Dungeon)
  3034 | D:3      | Received a gift from Kikubaaqudgha
  3040 | D:3      | Reached XP level 6. HP: 34/53 MP: 5/5
  3180 | D:3      | Noticed Phantomfrettchen's ghost (amateur OpTm)
  3187 | D:3      | Killed Phantomfrettchen's ghost
  3187 | D:3      | Reached skill level 2 in Polearms
  3187 | D:3      | Reached skill level 1 in Dodging
  3653 | D:4      | Reached skill level 3 in Polearms
  3935 | D:4      | Found a staircase to the Ecumenical Temple.
  4260 | D:4      | Reached XP level 7. HP: 28/60 MP: 5/7
  4388 | D:4      | Reached skill level 1 in Spellcasting
  4694 | D:4      | Reached skill level 4 in Polearms
  4805 | D:5      | Entered Level 5 of the Dungeon
  5023 | D:5      | Noticed JaMaZz's ghost (novice CeWr)
  5085 | D:6      | Found a white marble altar of Elyvilon.
  5103 | D:6      | Found a snail-covered altar of Cheibriados.
  5309 | D:6      | Noticed Duvessa
  5309 | D:6      | Noticed Dowan
  5317 | D:6      | Killed Duvessa
  5317 | D:6      | Reached skill level 5 in Fighting
  5317 | D:6      | Reached skill level 5 in Polearms
  5323 | D:6      | Killed Dowan
  5323 | D:6      | Reached skill level 1 in Necromancy
  5382 | D:6      | Learned a level 1 spell: Animate Skeleton
  5398 | D:6      | Found a shattered altar of Ashenzari.
  5460 | D:6      | Reached XP level 8. HP: 64/68 MP: 9/9
  5691 | D:6      | Reached ** piety under Kikubaaqudgha
  5975 | D:6      | Learned a level 2 spell: Corpse Rot
  5980 | D:6      | Learned a level 4 spell: Control Undead
  6096 | D:7      | Reached skill level 6 in Polearms
  6627 | D:7      | Reached skill level 7 in Polearms
  7011 | D:7      | Found a blossoming altar of Fedhas.
  7074 | D:7      | Found an iron altar of Okawaru.
  7216 | D:7      | Reached XP level 9. HP: 54/75 MP: 11/11
  7349 | D:8      | Noticed a two-headed ogre
  7349 | D:8      | Noticed a two-headed ogre
  7382 | D:8      | Noticed Grum
  7412 | D:8      | Killed Grum
  7412 | D:8      | Reached skill level 8 in Polearms
  7422 | D:8      | HP: 2/75 [wolf[Grum] (7)]
  7425 | D:8      | Slain by a wolf

Skill      XL: |  1  2  3  4  5  6  7  8  9 |
---------------+----------------------------+-----
Armour         | 4 5 6 7 |  7.3
Shields        | 4 5 |  5.0
Axes           | 3 4 |  4.1
Fighting       | 4 5 6 |  6.2
Polearms       | 1 3 5 7 8 |  8.4
Dodging        | 1 2 |  2.0
Spellcasting   | 1 2 |  2.7
Necromancy     | 1 2 |  2.3
Stealth        | |  0.6

Action                   |  1- 3 |  4- 6 |  7- 9 || total
-------------------------+-------+-------+-------++-------
Melee: War axe           |   101 |    51 |       ||   152
       Headbutt          |    19 |    25 |    46 ||    90
       Halberd           |       |    85 |   224 ||   309
Invok: Receive Corpses   |       |     1 |       ||     1
Evoke: Wand              |       |       |     1 ||     1
  Use: Scroll            |     3 |     7 |     5 ||    15
       Potion            |       |       |     3 ||     3
  Eat: Bread ration      |     1 |     1 |     2 ||     4
       Meat ration       |       |     1 |     1 ||     2
Armor: Scale mail        |    61 |    61 |    12 ||   134
       Chain mail        |       |       |    99 ||    99
Dodge: Dodged            |    30 |    67 |   117 ||   214
Block: Shield            |    61 |    36 |       ||    97
